 Dungeon Crawl Stone Soup version 0.31-a0-1068-g5939ac1fb6 (webtiles) character file.

Game seed: 62870356356198385

23 mopl the Trooper (level 2, 0/24 HPs)
             Began as a Demonspawn Fighter on Nov 25, 2023.
             Killed from afar by Natasha (5 damage)
             ... with a magic dart
             ... on level 2 of the Dungeon.
             The game lasted 00:00:56 (728 turns).

mopl the Trooper (Demonspawn Fighter)                Turns: 728, Time: 00:00:56

Health: 0/24       AC:  6    Str: 16    XL:     2   Next: 75%
Magic:  2/2        EV:  9    Int:  9    God:
Gold:   52         SH:  4    Dex: 12    Spells: 1/1 levels left

rFire   . . .        a - +0 war axe
rCold   . . .        c - +0 buckler
rNeg    . . .        b - +0 scale mail
rPois   +            (no helmet)
rElec   .            (no cloak)
rCorr   .            (no gloves)
SInv    .            (no boots)
Will    .....        (no amulet) Stlth
                     e - ring of poison resistance
HPRegen 0.24/turn    (no ring)
MPRegen 0.08/turn

%: no passive effects
@: slowed, very slow
A: powered by death 1
a: no special abilities


You were on level 2 of the Dungeon.
You visited 1 branch of the dungeon, and saw 2 of its levels.

You collected 52 gold pieces.

Inventory:

Hand Weapons
 a - a +0 war axe (weapon)
Missiles
 h - 2 javelins
Armour
 b - a +0 scale mail (worn)
 c - a +0 buckler (worn)
Jewellery
 e - a ring of poison resistance (left hand)
Scrolls
 g - 2 scrolls of teleportation {unknown}
 i - a scroll of poison {unknown}
 k - a scroll of fear {unknown}
Potions
 d - a potion of might
 f - a potion of attraction {unknown}
 j - a potion of enlightenment {unknown}


   Skills:
 + Level 3.2 Fighting
 * Level 2.3 Axes
 + Level 0.3 Throwing
 + Level 2.8 Armour
 + Level 0.6 Dodging
 - Level 2.6 Shields


You had one spell level left.
You didn't know any spells.
Your spell library contained the following spells:

 Spells                   Type           Power      Damage    Failure   Level
 Summon Small Mammal      Summ           0%         N/A       88%         1
 Call Canine Familiar     Summ           0%         N/A       99%         3
 Summon Guardian Golem    Hex/Summ       0%         N/A       99%         3


Dungeon Overview and Level Annotations

Branches:
Dungeon (2/15)

Altars:

Shops:
D:1 =

Annotations:
D:2 Natasha


Innate Abilities, Weirdness & Mutations

You regenerate a little health from kills.


Message History

Natasha closely misses you.
You are too injured to fight recklessly!
You are too injured to fight recklessly!
You are too injured to fight recklessly!
You are too injured to fight recklessly!
You are too injured to fight recklessly!
You are too injured to fight recklessly!
You are too injured to fight recklessly!
You are too injured to fight recklessly!
You are too injured to fight recklessly!
You are too injured to fight recklessly!
You are too injured to fight recklessly!
You are too injured to fight recklessly!
You are too injured to fight recklessly!
You are too injured to fight recklessly!
You are too injured to fight recklessly!
Unknown command.
You closely miss Natasha.
Natasha is lightly wounded.
The cerulean imp closely misses you. Natasha closely misses you.
The cerulean imp barely misses you.
You hit Natasha.
Natasha is heavily wounded.
Natasha casts a spell at you. You resist with significant effort.
The cerulean imp hits you but does no damage.
Natasha claws you.
* * * LOW HITPOINT WARNING * * *
You closely miss Natasha.
Natasha is heavily wounded.
The cerulean imp hits you but does no damage.
Natasha stares at you and mumbles some strange words.
You feel yourself slow down. The cerulean imp closely misses you.
Unknown command.
You hit Natasha.
Natasha is almost dead.
Natasha stares at you and mumbles some strange words.
The magic dart hits you.
You die...
Natasha begins licking her fur clean.

................#
....#...........########
#####+#.................
........................
........................
.....................[..
.......##...##..........
.......##...##..........
....#####...##..@.......
.### #...##...h...... .
#...##..5.......
#...##......?...
##########.#.... .#....
## ... ..


You could see Natasha and a cerulean imp (summoned).

Vanquished Creatures
  A dart slug (D:2)
  3 bats
  An endoplasm (D:1)
  A giant cockroach (D:2)
  2 goblins (D:2)
  2 hobgoblins
  3 kobolds (D:2)
  A quokka (D:1)
  3 ball pythons (D:1)
17 creatures vanquished.

Notes
Turn   | Place    | Note
-------+----------+-------------------------------------------
     0 | D:1      | mopl the Demonspawn Fighter began the quest for the Orb.
     0 | D:1      | Reached XP level 1. HP: 18/18 MP: 1/1
    65 | D:1      | Reached skill level 2 in Axes
   114 | D:1      | Found Energhos's Jewellery Shoppe.
   217 | D:1      | Gained mutation: You regenerate a little health from kills.
                  | [demonic ancestry]
   217 | D:1      | Reached XP level 2. HP: 21/24 MP: 2/2
   720 | D:2      | Noticed Natasha
   728 | D:2      | Killed from afar by Natasha

Illustrated notes

Levels and vault maps discovered:
D:1:      erik_arrival_blinker_ship, layout_basic, serial_forest,
          infiniplex_forest_end_2, infiniplex_forest_lined_2,
          infiniplex_forest_side_room, infiniplex_forest_straight_4,
          infiniplex_forest_clump_medium, infiniplex_forest_clump_large,
          infiniplex_forest_clump_diagonal, serial_shops,
          nicolae_shop_tiny_glass
D:2:      layout_basic, uniq_natasha

Skill      XL: |  1 |
---------------+----+-----
Axes           | 2 |  2.3
Fighting       | |  3.2
Throwing       | |  0.3
Armour         | |  2.8
Dodging        | |  0.6
Shields        | |  2.6

Action                     || total
---------------------------++-------
  Melee: War axe           ||    65
 Armour: Scale mail        ||    69
  Dodge: Dodged            ||    27
  Block: Buckler           ||    17

Table legend: (Time is in decaauts)
 A = Elapsed time spent in this place.
 B = Non-inter-level travel time spent in this place.
 C = Inter-level travel time spent in this place.
 D = Time resting spent in this place.
 E = Time spent auto-exploring this place.
 F = Levels seen in this place.
 G = Mean time per level.
                   A        B        C        D        E       F      G
               +--------+--------+--------+--------+--------+-----+--------+
         Total |    755 |    722 |     33 |      0 |    560 |   2 |  377.5 |
       Dungeon |    755 |    722 |     33 |      0 |    560 |   2 |  377.5 |
               +--------+--------+--------+--------+--------+-----+--------+

Top non-repeatable levels by time:
     D:1: 641 daAuts
     D:2: 114 daAuts
